 Dungeon Crawl Stone Soup version 0.30-a0-782-ge64f9170bb (webtiles) character file.

Game seed: 6399659834633989834

1388 mopl the Slasher (level 8, -9/72 HPs)
             Began as a Tengu Warper on Mar 8, 2023.
             Was an Initiate of Uskayaw.
             Mangled by Duvessa
             ... wielding a +0 short sword
              (13 damage)
             ... on level 6 of the Dungeon.
             The game lasted 00:10:01 (6233 turns).

mopl the Slasher (Tengu Warper)                     Turns: 6233, Time: 00:10:02

Health: -9/72      AC: 24    Str: 13    XL:     8   Next: 67%
Magic:  9/12       EV:  2    Int: 14    God:    Uskayaw [......]
Gold:   49         SH:  0    Dex: 14    Spells: 9/11 levels left

rFire   . . .      SeeInvis .    a - +0 falchion
rCold   . . .      Faith    .    (no shield)
rNeg    . . .      Spirit   .    (body armour currently unavailable)
rPois   +          Reflect  .    (helmet currently unavailable)
rElec   .          Harm     .    (cloak currently unavailable)
rCorr   .          Rampage  .    (gloves currently unavailable)
Will    .....      NoTele   +    (boots unavailable)
Stlth   +                        (no amulet)
HPRegen 0.32/turn                m - ring of wizardry
MPRegen 0.13/turn                (no ring)

@: mighty, tree-form
A: stationary, stasis, torment immunity, boosted hp, (beak), (talons 3), nimble
flight
a: Renounce Religion


You were on level 6 of the Dungeon.
You worshipped Uskayaw.
Uskayaw was noncommittal.
You were a tree.
You visited 1 branch of the dungeon, and saw 6 of its levels.
You also visited: Sewer.

You collected 331 gold pieces.
You spent 282 gold pieces at shops.

Inventory:

Hand Weapons
 a - a +0 falchion (weapon)
 h - a +1 short sword of holy wrath
Missiles
 b - 14 boomerangs (quivered)
 d - 7 boomerangs of dispersal
Armour
 z - a +1 pair of gloves (melded)
 B - an orb of wrath
 E - a +1 leather armour of willpower
 F - +0 steam dragon scales (melded)
Jewellery
 m - a ring of wizardry (left branch)
Wands
 p - a wand of flame (8)
 w - a wand of mindburst (11)
Scrolls
 c - a scroll of blinking
 e - a scroll of silence {!r}
 g - 3 scrolls of fear
 i - 3 scrolls of teleportation
 j - a scroll of immolation {unknown}
 k - 2 scrolls of magic mapping {unknown}
 l - 3 scrolls of enchant armour {unknown}
 t - 2 scrolls of brand weapon {unknown}
 y - 2 scrolls of vulnerability {unknown}
 D - a scroll of fog {unknown}
Potions
 n - 3 potions of might
 o - a potion of invisibility
 q - a potion of ambrosia
 r - 2 potions of mutation {!q}
 u - 3 potions of resistance {unknown}
 v - 2 potions of curing
 x - a potion of haste {unknown}
 A - a potion of brilliance {unknown}
 C - a potion of heal wounds {unknown}


   Skills:
 + Level 4.5 Fighting
 * Level 7.0 Long Blades
 - Level 1.0 Throwing
 + Level 4.5 Armour
 + Level 4.9 Dodging
 + Level 2.1 Spellcasting
 + Level 2.5 Translocations
 + Level 3.4 Invocations


You had 9 spell levels left.
You knew the following spells:

 Your Spells              Type           Power      Damage    Failure   Level
e - Blink                 Tloc           16%        N/A       4%          2

Your spell library contained the following spells:

 Spells                   Type           Power      Damage    Failure   Level
 Lesser Beckoning         Tloc           16%        N/A       4%          2
 Necrotise                Necr           4%         1d4       10%         1
 Teleport Other           Tloc           8%         N/A       10%         3
 Scorch                   Fire           2%         2d5       14%         2
 Vhi's Electric Charge    Tloc/Air       10%        N/A       16%         3
 Vampiric Draining        Necr           1%         2d6       26%         3
 Manifold Assault         Tloc           8%         N/A       32%         4
 Animate Armour           Summ/Erth      2%         N/A       65%         4
 Flame Wave               Conj/Fire      1%         2d4       65%         4
 Agony                    Necr           1%         N/A       92%         5
 Blade Hands              Tmut           0%         N/A       92%         5
 Iron Shot                Conj/Erth      0%         9d1       100%        6
 Summon Cactus Giant      Summ           0%         N/A       100%        6


Dungeon Overview and Level Annotations

Branches:
Dungeon (6/15)              Sewer (visited)
 Temple: D:4-7

Altars:
Uskayaw

Shops:
D:2 ?

Annotations:
D:6 Duvessa


Innate Abilities, Weirdness & Mutations

You are a tree.
Your roots penetrate the ground, keeping you stationary.
You cannot be teleported.
You are immune to unholy pain and torment.
Your maximum health is greatly increased.
Your equipment is partially melded.
((You have a beak for a mouth.))
((You have claws for feet.))
Your magical nature lets you fly swiftly and evasively.


Message History

Press: ? - help, Shift-Dir - straight line, f/p - Duvessa
Aim: Duvessa, wielding a +0 short sword and wearing a +0 ring mail (moderately wounded, berserk, will become a swamp drake, a wyvern, or a steam dragon, chance to affect: 31%) Duvessa easily resists.
The hound barely misses you. Duvessa hits you with a +0 short sword!
The hound bites you but does no damage. Duvessa hits you with a +0 short sword!
* * * LOW HITPOINT WARNING * * *
Aiming: Polymorph
Press: ? - help, Shift-Dir - straight line, f/p - Duvessa
Aim: Duvessa, wielding a +0 short sword and wearing a +0 ring mail (moderately wounded, berserk, will become a swamp drake, a wyvern, or a steam dragon, chance to affect: 31%) Duvessa easily resists.
The hound bites you but does no damage. Duvessa hits you but does no damage.
Aiming: Polymorph
Press: ? - help, Shift-Dir - straight line, f/p - Duvessa
Aim: Duvessa, wielding a +0 short sword and wearing a +0 ring mail (moderately wounded, berserk, will become a swamp drake, a wyvern, or a steam dragon, chance to affect: 31%) Duvessa easily resists.
The hound bites you but does no damage. Duvessa hits you but does no damage.
The hound bites you but does no damage. Duvessa hits you but does no damage.
Aiming: Polymorph
Press: ? - help, Shift-Dir - straight line, f/p - Duvessa
Aim: Duvessa, wielding a +0 short sword and wearing a +0 ring mail (moderately wounded, berserk, will become a swamp drake, a wyvern, or a steam dragon, chance to affect: 31%) Duvessa easily resists.
The now-empty wand crumbles to dust.
The hound bites you but does no damage. Duvessa hits you but does no damage.
Aiming: Mindburst
Press: ? - help, Shift-Dir - straight line, f/p - Duvessa
Aim: Duvessa, wielding a +0 short sword and wearing a +0 ring mail (moderately wounded, berserk, chance to affect: 47%) Duvessa's mind is blasted!!
The hound bites you.
* * * LOW HITPOINT WARNING * * *
Duvessa hits you with a +0 short sword!
* * * LOW HITPOINT WARNING * * *
The hound bites you but does no damage. Duvessa hits you with a +0 short sword.
* * * LOW HITPOINT WARNING * * *
It was a potion of might.
You feel very mighty all of a sudden. The hound bites you but does no damage.
Duvessa hits you but does no damage.
Okay, then.
You stomp with the beat, sending a shockwave through the revellers around you!
Duvessa is severely wounded.
The hound is severely wounded.
You can no longer stomp with the beat.
The hound bites you but does no damage. Duvessa hits you with a +0 short sword!
You die...

############### #....+......#..
#....#......#.. #....#......#..
##############..###....##..
#.....#.....##..###....###' #####
#................'.........
#.....##.......h.......#.........
.......'.......e♣......#.........
......##....###...#######.##.####
#.... ###### ##### ####.#### #..h
...... #.. #...... ## #......
..... ..... ##.##


You could see Duvessa (berserk) and a hound.

Vanquished Creatures
  A steam dragon (D:6)
  2 black bears
  An ogre (D:5)
  2 centaurs (D:5)
  A scorpion (D:5)
  Dowan (D:6)
  4 hounds
  A jelly (D:4)
  2 orc priests
  Jessica (D:2)
  An iguana (D:5)
  2 orc wizards
  9 adders
  10 gnolls
  8 river rats
  2 worms (Sewer)
  4 dart slugs
  23 orcs
  9 endoplasms
  3 giant cockroaches
  6 goblins
  8 hobgoblins
  11 jackals
  8 kobolds
  9 quokkas
  12 ball pythons
  5 bats (Sewer)
  3 frilled lizards
  12 rats
161 creatures vanquished.

Vanquished Creatures (others)
  A plant (D:2)
1 creature vanquished.

Grand Total: 162 creatures vanquished

Notes
Turn   | Place    | Note
-------+----------+-------------------------------------------
     0 | D:1      | mopl the Tengu Warper began the quest for the Orb.
     0 | D:1      | Reached XP level 1. HP: 12/12 MP: 4/4
    91 | D:1      | Reached XP level 2. HP: 16/17 MP: 6/6
   160 | D:1      | Found a faded altar of an unknown god.
   246 | D:1      | Prayed at the altar of an unknown god.
   246 | D:1      | Became a worshipper of Uskayaw the Reveller
   246 | D:1      | Reached * piety under Uskayaw
   369 | D:1      | Reached ** piety under Uskayaw
   372 | D:1      | Reached *** piety under Uskayaw
   524 | D:1      | Reached XP level 3. HP: 16/21 MP: 7/7
   527 | D:1      | Reached **** piety under Uskayaw
   757 | D:2      | Reached skill level 3 in Long Blades
   822 | D:2      | Reached skill level 2 in Armour
   849 | D:2      | Reached XP level 4. HP: 21/27 MP: 8/8
   923 | D:2      | Found Xod Ixtask's Magic Scroll Boutique.
   929 | D:2      | Bought a scroll of noise for 12 gold pieces
   929 | D:2      | Bought a scroll of identify for 24 gold pieces
   929 | D:2      | Bought a scroll of teleportation for 36 gold pieces
  1188 | D:2      | Noticed Jessica
  1194 | D:2      | Killed Jessica
  1195 | D:2      | Reached skill level 1 in Invocations
  2026 | D:4      | Gained mutation: Your magical nature lets you fly swiftly
                  | and evasively. [Tengu growth]
  2026 | D:4      | Reached XP level 5. HP: 21/31 MP: 9/9
  2254 | D:3      | Reached skill level 3 in Dodging
  2593 | D:4      | Reached skill level 4 in Long Blades
  2760 | D:3      | Reached skill level 3 in Fighting
  2889 | D:4      | Reached XP level 6. HP: 37/37 MP: 10/10
  3248 | D:4      | Reached skill level 2 in Invocations
  3264 | D:4      | Reached skill level 3 in Armour
  3471 | D:5      | Entered Level 5 of the Dungeon
  3528 | D:5      | Reached skill level 5 in Long Blades
  3528 | D:5      | Reached XP level 7. HP: 32/41 MP: 11/11
  3560 | D:5      | Found a glowing drain.
  3636 | Sewer    | Entered a sewer
  4581 | D:2      | Bought a scroll of fear for 48 gold pieces
  4581 | D:2      | Bought a scroll of silence for 114 gold pieces
  4581 | D:2      | Bought a scroll of identify for 24 gold pieces
  4581 | D:2      | Bought a scroll of identify for 24 gold pieces
  5046 | D:5      | Reached skill level 4 in Dodging
  5131 | D:5      | HP: 2/42 [gnoll/+1 whip of electrocution (5)]
  5297 | D:5      | Reached skill level 6 in Long Blades
  5297 | D:5      | Reached XP level 8. HP: 20/48 MP: 4/12
  5622 | D:5      | Reached skill level 4 in Fighting
  5622 | D:5      | Reached skill level 4 in Armour
  5715 | D:5      | Reached skill level 3 in Invocations
  5924 | D:6      | Reached ***** piety under Uskayaw
  6107 | D:6      | Learned a level 2 spell: Blink
  6128 | D:6      | Reached skill level 7 in Long Blades
  6163 | D:6      | Noticed Dowan
  6181 | D:6      | Killed Dowan
  6214 | D:6      | Noticed Duvessa
  6233 | D:6      | Mangled by Duvessa

Illustrated notes

Levels and vault maps discovered:
D:1:      amcnicky_arrival_blooded_trapdoor, layout_basic,
          basic_ecumenical_altar
D:2:      layout_loops_ring, serial_shops, nicolae_shop_crystal,
          serial_bayou_crossing, uniq_jessica
D:3:      layout_basic, hangedman_decor_peaks_small
D:4:      layout_loops_ring, small_statue_intersection,
          nicolae_elevator_lobby_plus
D:5:      layout_basic, portal_sewer_entry_a, uniq_blork_the_orc
D:6:      layout_gridville, cheibrodos_ashenzari_chains, uniq_duvessa

Skill      XL: |  1  2  3  4  5  6  7  8 |
---------------+-------------------------+-----
Long Blades    | 3 4 5 6 7 |  7.0
Armour         | 2 3 4 |  4.5
Invocations    | 1 2 3 |  3.4
Dodging        | 3 4 |  4.9
Fighting       | 3 4 |  4.5
Throwing       | |  1.0
Spellcasting   | |  2.1
Translocations | |  2.5

Action                     |  1- 3 |  4- 6 |  7- 9 || total
---------------------------+-------+-------+-------++-------
  Melee: Falchion          |    96 |   192 |   248 ||   536
         Kick              |    26 |    60 |    85 ||   171
         Peck              |    14 |    31 |    45 ||    90
         Punch             |     1 |     3 |     6 ||    10
 Invoke: Line Pass         |       |     1 |     3 ||     4
         Stomp             |       |       |     4 ||     4
  Evoke: Wand              |       |       |     7 ||     7
    Use: Scroll            |       |     4 |     4 ||     8
         Potion            |       |       |     2 ||     2
   Stab: Paralysed         |     4 |     3 |     2 ||     9
         Confused          |       |       |     1 ||     1
 Armour: Leather armour    |    15 |       |       ||    15
         Scale mail        |    22 |    68 |   123 ||   213
         Skin              |       |       |    15 ||    15
         Steam dragon scal |       |       |    10 ||    10
  Dodge: Dodged            |    76 |    94 |   206 ||   376

Table legend: (Time is in decaauts)
 A = Elapsed time spent in this place.
 B = Non-inter-level travel time spent in this place.
 C = Inter-level travel time spent in this place.
 D = Time resting spent in this place.
 E = Time spent auto-exploring this place.
 F = Levels seen in this place.
 G = Mean time per level.
                   A        B        C        D        E       F      G
               +--------+--------+--------+--------+--------+-----+--------+
         Total |   6052 |   5589 |    463 |   1263 |   2864 |   7 |  864.6 |
       Dungeon |   5261 |   4798 |    463 |    953 |   2595 |   6 |  876.8 |
         Sewer |    790 |    790 |      0 |    310 |    269 |   1 |  790.0 |
               +--------+--------+--------+--------+--------+-----+--------+

Top non-repeatable levels by time:
     D:5: 1303 daAuts
     D:3: 1254 daAuts
     D:4: 879 daAuts
   Sewer: 790 daAuts
     D:2: 719 daAuts
     D:1: 704 daAuts
     D:6: 400 daAuts
